Map: Ley Lines

Players

Gayplez - Winner!

  • Race: Terran Terran
  • League: Master
  • Spawn Location: 7:00

A.I. 1 (Very Easy)

  • Race: Zerg Zerg
  • Spawn Location: 1:00

VOD

Have the link to the VOD?

Description

Time

  • Played on: July 26, 2025, 9:09 p.m.
  • Length: 8:43
Show
View Real Time Build Order
Export as new Build Order

Gayplez Terran - Winner!

Build Orders: Reaper Expand, Hellion Banshee 

Get SALT Encoding   

  12  0:01  SCV  
  13  0:13  SCV  
  14  0:17  Supply Depot  
  14  0:25  SCV  
  15  0:39  SCV  
  15  0:40  Barracks  
  16  0:44  Refinery  
  16  0:51  SCV  
  17  1:03  SCV  
  18  1:15  SCV  
  19  1:28  Orbital Command  
  19  1:29  Reaper  
  20  1:39  Command Center  
  20  1:46  Supply Depot  
  20  1:54  SCV  
  21  2:01  Marine  
  21  2:06  SCV  
  23  2:10  Factory  
  23  2:18  SCV  
  24  2:23  Barracks Reactor  
  24  2:30  SCV  
  25  2:39  Command Center  
  25  2:42  SCV  
  26  2:51  Orbital Command  
  26  2:55  SCV  
  27  3:01  Starport  
  27  3:07  SCV  
  27  3:09  Refinery  
  28  3:15  Hellion  
  28  3:18  Hellion  
  32  3:20  SCV  
  32  3:22  SCV  
  32  3:26  Barracks Tech Lab  
  34  3:32  SCV  
  35  3:34  SCV  
  35  3:40  Hellion  
  38  3:41  Hellion  
  38  3:44  SCV  
  38  3:46  SCV  
  42  3:49  Banshee  
  42  3:53  Orbital Command  
  45  3:56  SCV  
  45  4:00  SCV  
  45  4:01  Hellion  
  49  4:03  Hellion  
  49  4:06  Cloaking Field  
  49  4:08  SCV  
  52  4:12  SCV  
  52  4:15  Barracks Tech Lab  
  53  4:20  SCV  
  53  4:22  Supply Depot  
  54  4:28  SCV x2  
  56  4:31  Banshee  
  56  4:33  Marine  
  56  4:36  Barracks x2  
  60  4:40  Stimpack  
  60  4:43  SCV  
  60  4:44  SCV x2  
  63  4:48  Refinery  
  63  4:49  Refinery  
  63  4:50  Supply Depot  
  63  4:53  Engineering Bay  
  63  4:56  Marine  
  63  4:57  Factory Reactor, Engineering Bay  
  63  4:58  SCV  
  65  5:00  SCV  
  65  5:01  SCV  
  65  5:05  Orbital Command  
  67  5:11  SCV  
  67  5:12  SCV  
  67  5:13  Supply Depot  
  69  5:20  Barracks x2  
  69  5:21  Terran Infantry Weapons Level 1  
  69  5:23  Terran Infantry Armor Level 1  
  69  5:25  Supply Depot  
  69  5:28  SCV  
  70  5:29  SCV  
  70  5:35  Starport Reactor, Marine x3  
  71  5:38  SCV  
  71  5:41  SCV  
  71  5:42  Marine x2  
  78  5:47  Supply Depot  
  78  5:49  Supply Depot  
  78  5:50  SCV  
  78  5:51  SCV  
  78  5:53  Marine  
  78  5:54  Marine  
  78  5:55  Siege Tank  
  85  5:57  SCV  
  85  5:59  Marine  
  85  6:02  SCV  
  85  6:03  SCV  
  89  6:10  Supply Depot x2  
  89  6:11  Medivac x2  
  93  6:12  Barracks Reactor x2  
  93  6:13  Marine  
  93  6:17  Supply Depot  
  93  6:18  Marine  
  94  6:19  Combat Shield, Marine  
  94  6:20  Marine  
  94  6:21  SCV  
  94  6:22  SCV  
  94  6:23  SCV  
  100  6:27  Marine  
  100  6:28  Siege Tank  
  100  6:32  Marine  
  104  6:33  SCV  
  104  6:34  SCV  
  104  6:35  SCV  
  104  6:39  Supply Depot  
  108  6:40  Supply Depot  
  108  6:42  Armory  
  108  6:44  Marine x2  
  108  6:45  SCV  
  108  6:46  SCV, Marine x2  
  114  6:47  SCV  
  114  6:48  Medivac x2  
  114  6:50  Marine x2  
  114  6:51  Marine x2  
  114  6:52  Marine  
  124  6:56  Supply Depot  
  124  6:58  Supply Depot  
  124  6:59  SCV x2  
  124  7:00  SCV  
  127  7:02  Siege Tank  
  127  7:05  Marine x3  
  127  7:06  Marine  
  134  7:11  SCV  
  134  7:12  Refinery  
  134  7:13  Marine x2  
  134  7:14  Refinery, Marine x3  
  140  7:23  SCV, Marine  
  140  7:27  Medivac, Marine x3  
  149  7:36  Marine x2  
  149  7:37  Marine  
  149  7:41  SCV x2  
  149  7:43  Marine  
  149  7:44  Marine x2  
  155  7:45  Siege Tank, Supply Depot  
  155  7:49  Marine x2  
  155  7:50  Marauder  
  162  7:54  Command Center  
  162  7:58  Supply Depot  
  162  7:59  Supply Depot  
  162  8:00  Marine x3  
  165  8:07  Supply Depot  
  165  8:09  Supply Depot, Marine x3  
  165  8:10  Marine x2  
  170  8:15  Marine  
  170  8:16  Supply Depot  
  170  8:18  Marine x2  
  173  8:20  Marine  
Show
View Real Time Build Order
Export as new Build Order

A.I. 1 (Very Easy) Zerg 

Build Orders: Pool First 

Get SALT Encoding   

  12  0:01  Drone  
  13  0:12  Overlord  
  13  0:16  Drone  
  14  0:35  Spawning Pool  
  13  0:37  Extractor  
  13  0:40  Drone  
  13  0:47  Drone  
  14  0:53  Overlord  
  14  1:22  Zergling x2  
  14  1:23  Queen  
  17  1:35  Roach Warren  
  17  1:37  Drone  
  17  1:41  Zergling x2  
  17  1:42  Extractor  
  17  1:46  Drone  
  18  1:59  Drone  
  18  2:00  Zergling x2  
  20  2:09  Drone  
  21  2:20  Drone  
  22  2:30  Drone  
  22  2:31  Overlord  
  23  2:37  Drone  
  24  2:45  Drone  
  25  4:17  Zergling x2  
  25  5:52  Drone, Roach  
  25  5:53  Overlord, Lair  
  28  6:00  Drone  
  29  6:07  Drone  
  30  6:14  Drone  
  31  6:21  Drone  
  29  6:36  Roach  
  31  6:50  Overseer x2  
  31  7:21  Roach  
  33  7:25  Hatchery  
  32  8:11  Zergling x2  
Tags
 
Add a new tag
Caveats
  • Supply blocks, unpowered buildings, or Contaminate may cause inaccurate times.
  • Supply counts are checked every 10 seconds.